 Dungeon Crawl Stone Soup version 0.17-a0-776-gd86b262 (webtiles) character file.

97 FedoraBrony69 the Conjurer (level 4, -3/27 HPs)
             Began as an Octopode Conjurer on Apr 24, 2015.
             Slain by a goblin (5 damage)
             ... led by Robin
             ... on level 2 of the Dungeon.
             The game lasted 00:05:16 (1928 turns).

FedoraBrony69 the Conjurer (Octopode Conjurer)      Turns: 1928, Time: 00:05:16

Health: -3/27      AC:  1    Str:  7    XL:     4   Next: 68%
Magic:  6/17       EV: 12    Int: 18    God:
Gold:   44         SH:  0    Dex: 12    Spells: 1 memorised, 8 levels left

rFire  . . .     SeeInvis .     m - +0 spear
rCold  . . .     Clarity  .     (no shield)
rNeg   + . .     SustAb   +     t - +0 hat
rPois  .         Gourm    .     v - amulet of regeneration
rElec  .         Spirit   .     g - ring of sustain abilities
rCorr  .         Warding  .     j - ring of positive energy
rMut   .         Stasis   .     r - ring of magical power
MR     .....                    (no ring)
Stlth  +++.......               (no ring)
                                (no ring)
                                (no ring)
                                (no ring)

@: not resistant to hostile enchantments, fairly stealthy
A: almost no armour, amphibious, 8 rings, constrict 8, camouflage 1, gelatinous
body 1
a: no special abilities


You were on level 2 of the Dungeon.
You were hungry.

You visited 1 branch of the dungeon, and saw 3 of its levels.

You collected 44 gold pieces.

Inventory:

Hand weapons
 m - a +0 spear (weapon)
Armour
 t - a +0 hat (worn)
Jewellery
 g - a ring of sustain abilities (left tentacle)
 j - a ring of positive energy (right tentacle)
 r - a ring of magical power (on tentacle)
 v - an amulet of regeneration (around mantle)
Scrolls
 d - 3 scrolls of remove curse {unknown}
 e - 2 scrolls of teleportation {unknown}
 h - a scroll of immolation {unknown}
 k - 4 scrolls of magic mapping {unknown}
 n - a scroll of blinking {unknown}
 q - 3 scrolls of amnesia {unknown}
Potions
 i - a potion of restore abilities {unknown}
 o - a potion of mutation {unknown}
 p - a potion of magic {unknown}
 w - a potion of poison {unknown}
Books
 a - a book of Conjurations

   Spells                             Type                      Level
   a - Magic Dart                     Conjuration                  1
   b - Searing Ray                    Conjuration                  2
   c - Dazzling Spray                 Conjuration/Hexes            3
   d - Fulminant Prism                Conjuration/Hexes            4
   e - Iskenderun's Mystic Blast      Conjuration                  4
   f - Iskenderun's Battlesphere      Conjuration/Charms           5
 s - a book of Beasts

   Spells                             Type                      Level
   a - Summon Butterflies             Summoning                    1
   b - Call Canine Familiar           Summoning                    3
   c - Summon Ice Beast               Ice/Summoning                4
   d - Summon Mana Viper              Hexes/Summoning              5
   e - Monstrous Menagerie            Summoning                    6
   f - Summon Hydra                   Summoning                    7
Comestibles
 b - 2 bread rations
 c - 2 fruits
 f - 2 meat rations
 l - a royal jelly
 u - 3 chunks of flesh


   Skills:
 - Level 2.0 Dodging
 - Level 2.9 Stealth
 + Level 3.0 Spellcasting
 + Level 5.2 Conjurations


You had 8 spell levels left.
You knew the following spells:

 Your Spells              Type           Power        Failure   Level  Hunger
a - Magic Dart            Conj           ###.         1%          1    None


Dungeon Overview and Level Annotations

Branches:
Dungeon (3/15)

Altars:
Gozag
Sif Muna
Yredelemnul

Annotations:
D:3 Robin


Innate Abilities, Weirdness & Mutations

You cannot wear most types of armour.
You are amphibious.
You can wear up to eight rings at the same time.
You can use your tentacles to constrict eight enemies at once.
Your skin changes colour to match your surroundings (Stealth).
Your rubbery body absorbs attacks (AC +1).


Message History

You are feeling hungry.
There is a stone staircase leading down here.
Casting: Magic Dart
Confirm with . or Enter, or press ? or * to list all spells.
Aiming: Magic Dart
Press: ? - help, Shift-Dir - straight line, f - hobgoblin
Aim: a hobgoblin (moderately wounded, consumed by blood-lust)
The magic dart hits the hobgoblin.
You kill the hobgoblin!
The goblin hits you.
* * * LOW HITPOINT WARNING * * *
Casting: Magic Dart
Confirm with . or Enter, or press ? or * to list all spells.
Aiming: Magic Dart
Press: ? - help, Shift-Dir - straight line, f - goblin
Aim: a goblin (consumed by blood-lust)
The magic dart hits the goblin.
The goblin is almost dead.
The goblin hits you.
You die...

###.#.#.##..........#
#####...#.#.............#
......###...............#
......# ###.........#..##
#####.###.......>...####
#.....##........#
#..#####........# ####
#........# #....@...#
#.....g..# ##########


You could see a goblin (frenzied).

Vanquished Creatures
  3 adders (D:2)
  A gnoll (D:1)
  An ooze (D:2)
  2 giant geckos
  2 orcs (D:3)
  A giant cockroach (D:3)
  11 hobgoblins
  3 kobolds
  A ball python (D:2)
  4 bats
  5 giant newts
  9 goblins
  3 jackals (D:1)
  6 rats
52 creatures vanquished.

Notes
Turn   | Place    | Note
--------------------------------------------------------------
     0 | D:1      | FedoraBrony69, the Octopode Conjurer, began the quest for the Orb.
     0 | D:1      | Reached XP level 1. HP: 11/11 MP: 3/3
   210 | D:1      | Reached XP level 2. HP: 17/17 MP: 1/5
   772 | D:1      | Reached XP level 3. HP: 21/21 MP: 0/6
  1098 | D:2      | Found a deep blue altar of Sif Muna.
  1099 | D:2      | Found a basalt altar of Yredelemnul.
  1269 | D:2      | Reached XP level 4. HP: 18/27 MP: 0/8
  1410 | D:2      | Reached skill level 5 in Conjurations
  1742 | D:3      | Noticed Robin
  1814 | D:3      | Found an opulent altar of Gozag.
  1928 | D:2      | Slain by a goblin

Action                   |  1- 3 |  4- 6 || total
-------------------------+-------+-------++-------
Melee: Unarmed           |     2 |       ||     2
       Spear             |    11 |     4 ||    15
 Cast: Magic Dart        |    54 |    50 ||   104
  Eat: Chunk             |     1 |     2 ||     3
